 Dungeon Crawl Stone Soup version 0.14-a0-226-gcf818b1 (webtiles) character file.

13377 PleasurePal the Grappler (level 11, -5/154 (159) HPs)
             Began as a Troll Berserker on Oct 10, 2013.
             Was the Champion of Trog.
             Hit by a large rock thrown by a cyclops (8 damage)
             ... on Level 12 of the Dungeon.
             The game lasted 00:51:41 (8819 turns).

PleasurePal the Grappler (Troll Berserker)          Turns: 8819, Time: 00:51:43

HP  -5/154 (159) AC  8     Str 32      XL: 11   Next: 68%
MP   3/3         EV 14     Int  3      God: Trog [******]
Gold 469         SH  0     Dex 12      Spells:  0 memorised, 10 levels left

Res.Fire  : . . .   See Invis. : .     - Unarmed
Res.Cold  : . . .   Warding    : .   e - +0 robe of Plasticity {Dam+4}
Life Prot.: . . .   Conserve   : .   (shield restricted)
Res.Poison: +       Res.Corr.  : .   (helmet restricted)
Res.Elec. : .       Clarity    : .   D - +2 cloak
Sust.Abil.: . .     Spirit.Shd : .   (gloves unavailable)
Res.Mut.  : .       Stasis     : .   (boots unavailable)
Res.Rott. : .       Flight     : .   (no amulet)
Gourmand  : +                        c - ring of protection from magic
                                     h - ring of poison resistance

@: berserking, very quick, quite resistant to hostile enchantments, extremely
unstealthy
A: unfitting armour, claws 3, fast metabolism 3, gourmand, regeneration 2,
saprovore 2, tough skin 2, AC +1
a: Burn Spellbooks, Berserk, Trog's Hand, Brothers in Arms, Renounce Religion


You were on level 12 of the Dungeon.
You worshipped Trog.
Trog was exalted by your worship.
You were very full.

You visited 1 branch of the dungeon, and saw 12 of its levels.

You collected 594 gold pieces.
You spent 145 gold pieces at shops.

Inventory:

Missiles
 m - a javelin (quivered)
 K - 5 large rocks
Armour
 e - the +0 robe of Plasticity (worn) {Dam+4}
   (You found it on level 5 of the Dungeon)

   It affects your damage-dealing abilities (+4).
 D - a +2 cloak (worn)
Magical devices
 d - a wand of magic darts (18)
 s - a wand of lightning (12) {unknown}
 w - a wand of random effects (15) {unknown}
 x - a wand of enslavement (9) {unknown}
 z - a wand of enslavement (8) {unknown}
 S - a wand of draining (10) {unknown}
 T - a wand of flame (15) {unknown}
Comestibles
 a - 6 meat rations
 f - a rambutan
 k - 10 bread rations
 p - 2 apples
 r - 3 pears
 A - a beef jerky
 B - 2 chokos
 P - 5 honeycombs
 Q - 2 royal jellies
Scrolls
 b - a scroll of curse jewellery {unknown}
 g - 2 scrolls of random uselessness
 j - 2 scrolls of remove curse
 o - a scroll of blinking
 u - 6 scrolls of teleportation
 y - a scroll of recharging
 R - a scroll of identify
Jewellery
 c - a ring of protection from magic (right claw)
 h - a ring of poison resistance (left claw)
 i - an uncursed ring of fire
 G - a +2 ring of strength
 I - an uncursed ring of protection from magic
 N - an uncursed ring of sustenance
Potions
 n - 5 potions of heal wounds
 q - a potion of flight {unknown}
 t - 3 potions of might
 C - 2 potions of agility {unknown}
 E - 4 potions of cure mutation
 F - a potion of speed {unknown}
 J - a potion of restore abilities {unknown}
 M - 8 potions of curing {unknown}
Books
 v - a book of Ice

   Spells                             Type                      Level
   Freezing Aura                      Charms/Ice                   2
   Ensorcelled Hibernation            Hexes/Ice                    2
   Ozocubu's Refrigeration            Ice                          6
   Bolt of Cold                       Conjuration/Ice              6
   Freezing Cloud                     Conjuration/Ice/Air          6
   Metabolic Englaciation             Hexes/Ice                    6
   Simulacrum                         Ice/Necromancy               6
   Trog disapproves of the use of such an item.
 L - a book of Enchantments

   Spells                             Type                      Level
   Cause Fear                         Hexes                        4
   Silence                            Hexes/Air                    5
   Tukima's Dance                     Hexes                        5
   Deflect Missiles                   Charms/Air                   6
   Haste                              Charms                       6
   Discord                            Hexes                        8
   Trog disapproves of the use of such an item.
 O - a book of Envenomations

   Spells                             Type                      Level
   Spider Form                        Transmutation/Poison         3
   Poison Weapon                      Charms/Poison                3
   Summon Scorpions                   Summoning/Poison             4
   Olgreb's Toxic Radiance            Poison                       4
   Poisonous Cloud                    Conjuration/Poison/Air       6
   Trog disapproves of the use of such an item.
Miscellaneous
 l - a disc of storms


   Skills:
 + Level 7.1 Fighting
 + Level 3.4 Throwing
 + Level 10.2 Dodging
 + Level 2.6 Stealth
 + Level 11.4 Unarmed Combat


You had 10 spell levels left.
You didn't know any spells.

Dungeon Overview and Level Annotations

Branches:
Dungeon (12/27)            Temple (0/1) D:6             Orc (0/4) D:10
   Lair (0/8) D:11

Altars:
Fedhas
Nemelex Xobeh
Trog
Xom
Beogh

Shops:
D:4 ((}*   D:5 =   D:6 (   D:9 [


Innate Abilities, Weirdness & Mutations

You are too large for most types of armour.
You have claws for hands.
Your metabolism is lightning-fast.
You like to eat raw meat.
You heal very quickly.
You can eat rotten meat.
You are covered in fur (AC +1).
You have very tough skin (AC +2).


Message History

The cyclops throws a large rock.
The large rock crashes through you!
* * * LOW HITPOINT WARNING * * *
You mangle the centaur!!
You feel the power of Trog in you as your rage grows.
You kill the centaur!
Trog accepts your kill. The vampire mosquito bites you!
* * * LOW HITPOINT WARNING * * *
The vampire mosquito draws strength from your injuries!
The crimson imp blinks!
You mangle the vampire mosquito!! Your punch misses the vampire mosquito.
The vampire mosquito is almost destroyed.
The vampire mosquito bites you but does no damage.
You barely miss the vampire mosquito.
The vampire mosquito is almost destroyed.
The vampire mosquito misses you. The two-headed ogre misses you.
The two-headed ogre hits you with a runed dire flail!
* * * LOW HITPOINT WARNING * * *
The cyclops throws a large rock.
The large rock crashes through you!
You die...

#..# #..# . #..# ... #..#
.... #..#
.....C###########..#
..<.......(........#####
.......(%(....)..........
........y@..............
.......O..((..........#
##..####..#########...#
#.. #..# ...# #. #..# ...
#..# #..# ####


You could see a cyclops, a two-headed ogre and a vampire mosquito.

Vanquished Creatures
  Urug (D:10)
  An orc knight (D:10)
  A hill giant (D:12)
  Joseph (D:8)
  2 cyclopes (D:11)
  Maurice (D:10)
  A fire drake (D:11)
  A queen bee (D:11)
  2 trolls
  3 slime creatures (D:11)
  4 yaks (D:10)
  Eustachio (D:10)
  2 hill giant zombies
  3 vampire mosquitoes (D:12)
  2 hippogriffs
  Edmund (D:8)
  A necrophage (D:5)
  7 orc warriors
  3 sky beasts
  A yellow wasp (D:12)
  3 ice beasts
  6 centaurs
  5 ogres
  A phantom (D:7)
  Duvessa (D:4)
  A crocodile (D:12)
  A big kobold (D:10)
  8 giant frogs
  A troll zombie (D:11)
  7 wights
  23 killer bees (D:11)
  4 goliath beetles
  Dowan (D:4)
  10 crimson imps
  7 hounds
  5 orc priests
  A centaur zombie (D:5)
  9 orc wizards
  2 iguanas
  4 jellies
  3 scorpions
  A black bear skeleton (D:8)
  9 worker ants
  A mottled dragon zombie (D:12)
  Ijyb (D:2)
  3 mummies
  A hound skeleton (D:4)
  9 adders
  4 gnolls (D:6)
  A giant centipede (D:11)
  A giant mite (D:3)
  2 green rats (D:10)
  6 worms
  An ufetubus (D:10)
  An iguana zombie (D:5)
  A scorpion zombie (D:9)
  2 adder zombies (D:5)
  2 giant eyeballs
  3 giant geckos
  An ooze (D:2)
  48 orcs
  2 ball pythons
  25 bats
  5 giant cockroaches
  14 hobgoblins
  7 jackals
  4 quokkas
  A giant newt (D:1)
  A giant spore (D:11)
  A gnoll skeleton (D:4)
  15 goblins
  A hobgoblin zombie (D:6)
  28 kobolds
  An orc zombie (D:9)
  11 rats
  A ballistomycete (D:11)
357 creatures vanquished.

Vanquished Creatures (collateral kills)
  A mottled dragon (D:10)
  A phantom (D:10)
  A giant frog (D:10)
  2 orcs (D:10)
5 creatures vanquished.

Vanquished Creatures (others)
  An ogre (D:10)
  A giant cockroach (D:4)
  A ballistomycete (D:11)
3 creatures vanquished.

Grand Total: 365 creatures vanquished

Notes
Turn   | Place    | Note
--------------------------------------------------------------
     0 | D:1      | PleasurePal, the Troll Berserker, began the quest for the Orb.
     0 | D:1      | Reached XP level 1. HP: 23/23 MP: 0/0
   193 | D:1      | Reached XP level 2. HP: 31/31 MP: 0/0
   360 | D:1      | Acquired Trog's second power
   846 | D:2      | Noticed Ijyb
   849 | D:2      | Reached XP level 3. HP: 30/39 MP: 1/1
   858 | D:2      | Killed Ijyb
   916 | D:2      | Reached XP level 4. HP: 42/46 MP: 1/1
  1019 | D:2      | Reached skill level 4 in Unarmed Combat
  1426 | D:3      | Reached XP level 5. HP: 33/53 MP: 1/1
  2185 | D:4      | Acquired Trog's third power
  2188 | D:4      | Reached XP level 6. HP: 62/62 MP: 2/2
  2405 | D:4      | Reached skill level 5 in Unarmed Combat
  2471 | D:4      | Found Opri's Assorted Antiques.
  2477 | D:4      | Bought a scroll labeled XEGGITZ EDWO for 29 gold pieces
  2477 | D:4      | Bought a scroll labeled THRADU KLUOQI for 29 gold pieces
  2477 | D:4      | Bought a scroll labeled SHILILELUO for 29 gold pieces
  2477 | D:4      | Bought a scroll labeled HOOTAIC PNATS for 29 gold pieces
  2477 | D:4      | Bought a scroll labeled XEGGITZ EDWO for 29 gold pieces
  2625 | D:4      | Found Khum's Weapon Shoppe.
  2627 | D:4      | Found a blossoming altar of Fedhas.
  2627 | D:4      | Found Eshi Had's Weapon Shop.
  2785 | D:4      | Noticed Duvessa
  2785 | D:4      | Noticed Dowan
  2793 | D:4      | Killed Duvessa
  2793 | D:4      | Reached XP level 7. HP: 22/70 MP: 2/2
  2801 | D:4      | Killed Dowan
  2915 | D:4      | Found Cluanas' Gadget Emporium.
  2967 | D:4      | Found a shimmering altar of Xom.
  2972 | D:4      | Found a sparkling altar of Nemelex Xobeh.
  3123 | D:5      | Entered Level 5 of the Dungeon
  3141 | D:5      | Reached skill level 5 in Dodging
  3159 | D:5      | Found Leuph's Jewellery Shop.
  3169 | D:5      | Reached skill level 6 in Unarmed Combat
  3261 | D:5      | Found a bloodstained altar of Trog.
  3332 | D:5      | Got a thick robe
  3338 | D:5      | Identified the +0 robe of Plasticity {Dam+4} (You found it on level 5 of the Dungeon)
  3411 | D:5      | Received a gift from Trog
  3428 | D:5      | Reached XP level 8. HP: 58/76 MP: 2/2
  3850 | D:6      | Found Clezorre's Weapon Shop.
  3946 | D:6      | Reached skill level 7 in Unarmed Combat
  4028 | D:6      | Found a staircase to the Ecumenical Temple.
  4434 | D:7      | Reached skill level 1 in Stealth
  4434 | D:7      | Reached XP level 9. HP: 44/84 MP: 3/3
  5019 | D:7      | Reached skill level 8 in Unarmed Combat
  5326 | D:8      | Noticed Joseph
  5337 | D:8      | Killed Joseph
  5337 | D:8      | Reached skill level 5 in Fighting
  5435 | D:8      | Found a sparkling altar of Nemelex Xobeh.
  5501 | D:8      | Paralysed by a giant eyeball for 2 turns
  5779 | D:8      | Noticed Edmund
  5786 | D:8      | Killed Edmund
  5846 | D:8      | Reached skill level 9 in Unarmed Combat
  6213 | D:9      | Reached XP level 10. HP: 76/93 MP: 3/3
  6446 | D:9      | Found Cuqulasch's Armour Shop.
  6659 | D:9      | Received a gift from Trog
  6687 | D:10     | Entered Level 10 of the Dungeon
  6858 | D:10     | Noticed Maurice
  6872 | D:10     | Reached skill level 10 in Unarmed Combat
  6873 | D:10     | Killed Maurice
  6907 | D:10     | Noticed Eustachio
  6928 | D:10     | Killed Eustachio
  7228 | D:10     | Found a roughly hewn altar of Beogh.
  7228 | D:10     | Found a staircase to the Orcish Mines.
  7234 | D:10     | Noticed an orc knight
  7234 | D:10     | Noticed Urug
  7256 | D:10     | Killed an orc knight
  7265 | D:10     | Killed Urug
  7499 | D:11     | Noticed a cyclops
  7507 | D:11     | Killed a cyclops
  7507 | D:11     | Reached XP level 11. HP: 60/103 MP: 3/3
  7698 | D:11     | Found a staircase to the Lair.
  7791 | D:11     | Reached skill level 1 in Throwing
  7878 | D:11     | Reached skill level 11 in Unarmed Combat
  7990 | D:11     | Reached skill level 10 in Dodging
  7993 | D:11     | Received a gift from Trog
  8779 | D:12     | Noticed a hill giant
  8787 | D:12     | Killed a hill giant
  8819 | D:12     | HP: 6/154 [two-headed ogre/giant club (8)]
  8819 | D:12     | Hit by a large rock thrown by a cyclops

Action                   |  1- 3 |  4- 6 |  7- 9 | 10-12 || total
-------------------------+-------+-------+-------+-------++-------
Melee: Unarmed           |    89 |   223 |   344 |   344 ||  1000
Throw: Javelin           |       |       |       |    30 ||    30
       Tomahawk          |       |       |       |    29 ||    29
       Large rock        |       |       |       |    25 ||    25
Invok: Berserk           |       |     2 |     2 |     6 ||    10
       Trog's Hand       |       |       |       |     3 ||     3
       Brothers in Arms  |       |       |       |     2 ||     2
  Use: Scroll            |       |       |    23 |     4 ||    27
 Stab: Sleeping          |       |     1 |     1 |     2 ||     4
